AoeStats
← nanakusa

Lombardia

507248439Analyzed
4v4 RM · 16d ago on Sep 17, 2026· 51m 15s· 8 players
Game mode
Random Map
Map size
Large (8 player)
Population
200
Speed
Normal
Resources
Standard
Victory
Conquest
Starting age
Dark Age
Ending age
Imperial Age
RankedLock teamsTeams togetherTeam positionsShared explorationLock speedFull tech treeHidden civsTurbo modeCheats
Victory
Defeat
🇨🇳 Franks · China
1610
+12
🇯🇵 Gurjaras · Japan
1510
+16
🇭🇰 Cumans · Hong Kong SAR China
1405
+20
🇫🇮 Wu · Finland
1385
+21
🇷🇺 Tatars · Russia
1544
-19
🇺🇸 Dravidians · United States
1509
-17
🇨🇳 Portuguese · China
1505
-17
🇺🇸 Persians · United States
1475
-16
PaRappa56
10:22 Feudal Age
14:20 Castle Age
12:33 Double-Bit Axe
12:43 Horse Collar
15:36 Loom
15:37 Town Watch
16:44 Bow Saw
16:37 Heavy Plow
22:24 Wheelbarrow
23:02 Fletching
24:44 Bodkin Arrow
25:18 Gold Mining
25:18 Stone Mining
27:28 Scale Barding Armor
27:34 Forging
28:06 Hand Cart
28:20 Bloodlines
29:35 Husbandry
30:09 Chain Barding Armor
30:25 Iron Casting
33:28 Imperial Age
31:47 Gold Shaft Mining
33:19 Cavalier
34:36 Plate Barding Armor
35:01 Blast Furnace
34:33 Conscription
35:17 Chemistry
34:40 Ballistics
35:07 Town Patrol
34:31 Savar
36:31 Heavy Camel Rider
37:15 Padded Archer Armor
37:15 Scale Mail Armor
37:08 Guard Tower
37:14 Murder Holes
37:29 Masonry
38:04 Guilds
38:25 Coinage
38:01 Caravan
39:34 Architecture
38:44 Light Cavalry
40:22 Hussar
46:10 Two-Man Saw
44:47 Elite War Elephant
46:09 Hoardings
45:46 Citadels
Welldone
5:23 Loom
5:40 Loom
10:59 Feudal Age
16:39 Castle Age
14:58 Double-Bit Axe
16:06 Horse Collar
22:08 Heavy Plow
25:18 Wheelbarrow
26:04 Stone Mining
28:13 Bow Saw
28:31 Fletching
30:37 Gold Mining
31:07 Hand Cart
32:14 Gold Shaft Mining
32:36 Caravan
34:05 Scale Barding Armor
34:10 Forging
34:44 Ballistics
38:06 Imperial Age
37:22 Chain Barding Armor
37:37 Iron Casting
38:35 Bodkin Arrow
38:12 Capped Ram
39:04 Siege Engineers
40:00 Chemistry
39:04 Elite Keshik
40:06 Bloodlines
39:56 Husbandry
40:52 Plate Barding Armor
41:34 Blast Furnace
43:06 Bombard Tower
42:42 Murder Holes
busy pushing deer
11:33 Feudal Age
15:42 Castle Age
14:25 Horse Collar
15:40 Double-Bit Axe
17:02 Bow Saw
17:52 Heavy Plow
22:15 Loom
23:06 Wheelbarrow
22:16 Town Watch
24:16 Caravan
23:43 Pikeman
24:23 Squires
24:33 Gold Mining
24:35 Stone Mining
25:20 Scale Mail Armor
26:41 Chain Mail Armor
26:37 Forging
27:56 Fortified Wall
28:07 Ballistics
28:07 Arson
32:49 Imperial Age
31:06 Thumb Ring
31:18 Fletching
31:29 Padded Archer Armor
32:10 Bodkin Arrow
33:41 Bracer
34:43 Two-Man Saw
34:47 Chemistry
36:16 Elite Elephant Archer
39:02 Leather Archer Armor
40:35 Husbandry
41:36 Ring Archer Armor
43:03 Bombard Tower
43:35 Halberdier
knife
11:11 Feudal Age
12:45 Double-Bit Axe
15:01 Castle Age
14:01 Horse Collar
16:06 Bow Saw
15:57 Heavy Plow
18:15 Wheelbarrow
22:18 Hand Cart
24:07 Loom
30:28 Imperial Age
29:26 Pikeman
30:20 Scale Mail Armor
30:31 Forging
30:52 Halberdier
31:34 Capped Ram
33:46 Chain Mail Armor
34:07 Iron Casting
36:04 Plate Mail Armor
36:35 Blast Furnace
38:00 Elite Organ Gun
39:01 Conscription
39:44 Chemistry
40:24 Masonry
40:52 Gold Mining
40:54 Stone Mining
41:50 Architecture
45:21 Stone Shaft Mining
48:04 Arquebus
48:49 Treadmill Crane
49:19 Fortified Wall
7777777
3:26 Loom
10:59 Feudal Age
12:28 Double-Bit Axe
12:48 Horse Collar
15:17 Castle Age
14:05 Arson
15:47 Scale Mail Armor
16:02 Squires
22:50 Forging
22:38 Pikeman
25:10 Bow Saw
27:59 Wheelbarrow
30:34 Gold Mining
33:39 Imperial Age
32:54 Gold Shaft Mining
34:05 Heavy Plow
33:53 Town Watch
34:26 Chain Mail Armor
34:48 Iron Casting
34:03 Fletching
34:46 Conscription
34:05 Halberdier
37:34 Plate Mail Armor
38:04 Blast Furnace
37:00 Bodkin Arrow
39:18 Blast Furnace
43:22 Chemistry
42:43 Ballistics
42:33 Masonry
43:40 Bracer
48:25 Padded Archer Armor
49:49 Two-Man Saw
51:48 Sitting Tiger
nanakusa
9:15 Loom
11:28 Feudal Age
12:47 Wheelbarrow
12:28 Double-Bit Axe
12:26 Horse Collar
18:11 Castle Age
17:31 Gold Mining
19:04 Heavy Plow
19:17 Bow Saw
27:27 Hand Cart
28:16 Stone Mining
29:24 Scale Barding Armor
29:30 Forging
33:58 Imperial Age
32:26 Kshatriyas
33:11 Chain Barding Armor
33:27 Bloodlines
33:17 Husbandry
35:06 Conscription
34:44 Town Watch
34:55 Heavy Camel Rider
36:03 Caravan
36:48 Crop Rotation
37:06 Fortified Wall
40:05 Plate Barding Armor
40:06 Iron Casting
42:32 Gold Shaft Mining
42:31 Fletching
43:07 Frontier Guards
43:52 Masonry
44:43 Chemistry
44:04 Ballistics
45:11 Bodkin Arrow
45:22 Siege Elephant
48:21 Onager
50:32 Bracer
51:04 Architecture
50:20 Elite Chakram Thrower
kinwaleung18
8:49 Feudal Age
7:37 Loom
9:58 Double-Bit Axe
11:50 Horse Collar
18:42 Wheelbarrow
21:39 Castle Age
21:11 Gold Mining
22:48 Bow Saw
22:42 Heavy Plow
24:03 Hand Cart
26:49 Gold Shaft Mining
29:00 Imperial Age
26:54 Bloodlines
27:24 Stone Mining
27:44 Scale Barding Armor
27:50 Forging
29:06 Chain Barding Armor
29:18 Elite Steppe Lancer
30:42 Iron Casting
30:40 Fletching
32:25 Chemistry
31:45 Ballistics
31:24 Town Watch
31:59 Bodkin Arrow
32:04 Padded Archer Armor
33:01 Conscription
34:09 Parthian Tactics
33:50 Thumb Ring
34:38 Leather Archer Armor
34:37 Masonry
33:56 Elite Kipchak
36:38 Ring Archer Armor
36:06 Murder Holes
36:33 Steppe Husbandry
36:49 Caravan
39:30 Coinage
39:55 Plate Barding Armor
40:21 Blast Furnace
38:49 Cavalier
39:58 Paladin
42:27 Light Cavalry
43:26 Capped Ram
44:25 Hussar
48:19 Crop Rotation
50:19 Siege Ram
啦啦啦啦啦啦
6:35 Loom
9:51 Feudal Age
11:37 Double-Bit Axe
19:59 Castle Age
18:27 Forging
20:07 Light Cavalry
22:12 Iron Casting
22:09 Husbandry
22:23 Bow Saw
23:30 Scale Barding Armor
27:12 Chain Barding Armor
29:44 Wheelbarrow
28:55 Town Watch
31:02 Gold Mining
31:05 Stone Mining
34:57 Imperial Age
32:51 Padded Archer Armor
34:35 Leather Archer Armor
34:11 Fletching
35:54 Gold Shaft Mining
34:53 Elite Skirmisher
36:39 Chemistry
36:00 Ballistics
35:41 Bodkin Arrow
37:07 Siege Engineers
Connection lost

Rejoining the realm…

Still unreachable

The connection could not be restored.

Session expired

The server has moved on; the page needs a fresh start.